AoeStats
← Bandolero

Arena

508355937Analyzed
4v4 RM · 9d ago on Sep 22, 2026· 44m 34s· 8 players
Game mode
Random Map
Map size
Large (8 player)
Population
200
Speed
Normal
Resources
Standard
Victory
Conquest
Starting age
Dark Age
Ending age
Imperial Age
RankedLock teamsTeams togetherTeam positionsShared explorationLock speedFull tech treeHidden civsTurbo modeCheats
Victory
Defeat
🇺🇸 Aztecs · United States
1749
+10
🇦🇷 Portuguese · Argentina
1726
+11
🇦🇷 Armenians · Argentina
1697
+12
🇨🇳 Gurjaras · China
1642
+15
🇲🇽 Italians · Mexico
1685
-14
🇲🇽 Poles · Mexico
1646
-13
🇲🇽 Celts · Mexico
1602
-12
🇲🇽 Mapuche · Mexico
1519
-9
hK | Islamey
11:23 Feudal Age
15:24 Castle Age
13:57 Horse Collar
14:03 Double-Bit Axe
17:00 Bow Saw
18:40 Loom
23:36 Town Watch
24:22 Stone Mining
25:02 Gold Mining
28:53 Imperial Age
26:38 Fletching
26:50 Padded Archer Armor
28:00 Stone Shaft Mining
28:30 Leather Archer Armor
29:17 Ballistics
29:51 Wheelbarrow
30:41 Chemistry
30:13 Ring Archer Armor
31:36 Two-Man Saw
32:10 Man-at-Arms
32:52 Scale Mail Armor
32:22 Crossbowman
33:22 Thumb Ring
33:01 Long Swordsman
34:09 Chain Mail Armor
34:05 Forging
34:09 Two-Handed Swordsman
35:13 Champion
36:25 Plate Mail Armor
36:47 Coinage
36:23 Heavy Plow
38:57 Siege Engineers
39:43 Iron Casting
40:33 Banking
40:40 Conscription
43:21 Arquebus
44:36 Blast Furnace
Marlin
6:28 Loom
6:37 Loom
8:29 Feudal Age
15:34 Fletching
22:14 Castle Age
20:04 Double-Bit Axe
20:00 Horse Collar
22:52 Bodkin Arrow
26:34 Heavy Plow
26:55 Bow Saw
26:51 Gold Mining
33:29 Imperial Age
32:20 Forging
35:42 Bloodlines
35:33 Husbandry
35:44 Heavy Camel Rider
36:32 Scale Barding Armor
38:19 Iron Casting
39:56 Chain Barding Armor
40:23 Wheelbarrow
42:29 Plate Barding Armor
42:13 Hand Cart
42:20 Conscription
43:23 Scale Mail Armor
44:11 Town Watch
BeardyMan37
11:50 Feudal Age
15:46 Castle Age
14:05 Double-Bit Axe
14:01 Horse Collar
16:40 Wheelbarrow
16:47 Bow Saw
16:37 Heavy Plow
20:36 Loom
27:09 Hand Cart
27:02 Gold Mining
27:03 Stone Mining
26:59 Town Watch
31:04 Imperial Age
29:38 Fletching
29:48 Padded Archer Armor
30:27 Ballistics
30:21 Bodkin Arrow
30:00 Elite Skirmisher
31:34 Leather Archer Armor
34:26 Imperial Age
33:38 Atlatl
35:06 Scale Mail Armor
35:17 Forging
35:10 Bracer
36:15 Chemistry
36:53 Scale Mail Armor
37:03 Forging
37:33 Siege Engineers
38:11 Chain Mail Armor
37:57 Squires
37:43 Arson
40:35 Coinage
41:00 Crop Rotation
41:07 Gold Shaft Mining
41:08 Stone Shaft Mining
41:17 Plate Mail Armor
40:57 Forging
41:35 Garland Wars
41:23 Elite Jaguar Warrior
42:24 Conscription
45:03 Iron Casting
Bandolero
11:14 Feudal Age
15:27 Castle Age
13:58 Double-Bit Axe
17:33 Stone Mining
21:49 Loom
21:50 Town Watch
23:20 Fletching
25:19 Bodkin Arrow
26:17 Bow Saw
25:59 Gold Mining
31:02 Imperial Age
29:06 Padded Archer Armor
29:46 Bow Saw
30:12 Gold Shaft Mining
31:31 Masonry
31:49 Leather Archer Armor
32:07 Conscription
35:05 Chemistry
35:57 Wheelbarrow
35:32 Onager
36:10 Elite Skirmisher
36:21 Capped Ram
37:34 Bracer
38:05 Ring Archer Armor
37:35 Scale Mail Armor
41:05 Bloodlines
40:16 Cavalier
40:56 Husbandry
40:32 Pikeman
41:12 Squires
41:30 Scale Barding Armor
41:36 Forging
42:23 Chain Barding Armor
42:17 Crossbowman
43:16 Arbalester
AiM | CyclopsTron
5:00 Loom
10:04 Feudal Age
14:54 Castle Age
14:09 Double-Bit Axe
25:35 Imperial Age
24:42 Bow Saw
24:53 Fletching
26:30 Wheelbarrow
26:56 Horse Collar
29:04 Chemistry
28:42 Bodkin Arrow
29:44 Bracer
32:52 Town Watch
33:28 Heavy Plow
33:38 Padded Archer Armor
34:17 Hand Cart
35:44 Leather Archer Armor
35:49 Heated Shot
36:11 Masonry
37:15 Scale Mail Armor
37:46 Ring Archer Armor
38:02 Architecture
37:52 Pirotechnia
38:23 Squires
38:39 Chain Mail Armor
41:13 Plate Mail Armor
41:55 Forging
43:03 Ballistics
42:39 Arson
44:00 Iron Casting
Crosnay
4:55 Loom
8:49 Feudal Age
11:32 Double-Bit Axe
12:39 Man-at-Arms
18:01 Fletching
27:23 Castle Age
28:54 Horse Collar
31:54 Scale Barding Armor
31:59 Forging
31:56 Szlachta Privileges
32:01 Gold Mining
32:35 Bloodlines
32:26 Husbandry
32:43 Bow Saw
34:17 Chain Barding Armor
LeBotut
11:50 Feudal Age
15:29 Castle Age
13:19 Double-Bit Axe
13:44 Horse Collar
16:30 Bow Saw
21:37 Heavy Plow
24:31 Wheelbarrow
24:31 Loom
28:26 Imperial Age
26:21 Hand Cart
26:47 Scale Mail Armor
26:57 Forging
27:46 Chain Mail Armor
27:25 Gold Mining
27:30 Stone Mining
28:15 Town Watch
29:07 Gold Shaft Mining
29:09 Stone Shaft Mining
28:46 Forging
28:22 Pikeman
29:45 Plate Mail Armor
29:03 Arson
28:40 Capped Ram
29:22 Siege Ram
31:02 Iron Casting
32:51 Blast Furnace
33:16 Furor Celtica
33:00 Stronghold
34:52 Conscription
34:10 Man-at-Arms
34:16 Elite Woad Raider
34:52 Halberdier
37:01 Fletching
37:22 Padded Archer Armor
38:06 Man-at-Arms
38:32 Gambesons
38:49 Bodkin Arrow
38:43 Long Swordsman
39:22 Two-Handed Swordsman
43:12 Champion
AiM | Fubuki Sinri
10:22 Feudal Age
14:30 Castle Age
13:34 Double-Bit Axe
14:21 Fletching
14:16 Horse Collar
17:47 Bodkin Arrow
22:02 Padded Archer Armor
25:34 Wheelbarrow
24:47 Town Watch
25:35 Heavy Plow
25:26 Gold Mining
28:31 Bow Saw
29:24 Gold Shaft Mining
29:21 Loom
33:49 Imperial Age
32:12 Ballistics
34:07 Forging
34:59 Hand Cart
34:41 Elite Kona
36:12 Crop Rotation
36:31 Iron Casting
37:14 Malon
39:02 Blast Furnace
38:40 Conscription
39:25 Butalmapu
41:55 Leather Archer Armor
43:15 Town Patrol
44:02 Ring Archer Armor
45:12 Chemistry
44:41 Stone Mining
Connection lost

Rejoining the realm…

Still unreachable

The connection could not be restored.

Session expired

The server has moved on; the page needs a fresh start.